 Dungeon Crawl Stone Soup version 0.24-a0-291-g79c1ce788c (webtiles) character file.

Game seed: 13910268110500533933

210 Jannitor the Shield-Bearer (level 5, -4/28 HPs)
             Began as a Vine Stalker Fighter on May 9, 2019.
             Was a Follower of Makhleb.
             Slain by an ogre
             ... wielding a +0 giant spiked club
              (15 damage)
             ... on level 4 of the Dungeon.
             The game lasted 00:01:43 (1222 turns).

Jannitor the Shield-Bearer (Vine Stalker Fighter)   Turns: 1222, Time: 00:01:44

Health: -4/28      AC:  8    Str: 19    XL:     5   Next: 88%
Magic:  0/7        EV:  7    Int:  8    God:    Makhleb [*.....]
Gold:   92         SH:  9    Dex: 14    Spells: 4/4 levels left

rFire    . . .     SeeInvis .   a - +0 war axe
rCold    . . .     Gourm    .   c - +0 shield
rNeg     . . .     Faith    .   b - +0 scale mail
rPois    .         Spirit   +   q - +0 helmet
rElec    .         Reflect  .   (no cloak)
rCorr    .         Harm     .   (no gloves)
MR       .....                  (no boots)
Stlth    ..........             (no amulet)
HPRegen  0.49/turn              (no ring)
MPRegen  0.10/turn              (no ring)

@: no status effects
A: fangs 2, regeneration 1, magic shield, antimagic bite, no potion heal 3, rot
immunity
a: Renounce Religion


You were on level 4 of the Dungeon.
You worshipped Makhleb.
Makhleb was aware of your devotion.
You were not hungry.

You visited 2 branches of the dungeon, and saw 5 of its levels.

You collected 92 gold pieces.

Inventory:

Hand Weapons
 a - a +0 war axe (weapon)
Armour
 b - a +0 scale mail (worn)
 c - a +0 shield (worn)
 k - a +0 pair of boots
 q - a +0 helmet (worn)
Wands
 p - a wand of enslavement (7)
Scrolls
 e - 5 scrolls of identify {unknown}
 g - 2 scrolls of immolation {unknown}
 h - a scroll of remove curse {unknown}
 l - a scroll of blinking {unknown}
 m - a scroll of fog {unknown}
 o - a scroll of noise {unknown}
 r - a scroll of enchant weapon {unknown}
Potions
 d - a potion of might
 j - 2 potions of mutation {unknown}
 n - a potion of curing {unknown}
Comestibles
 f - a ration
 i - 10 chunks of flesh


   Skills:
 + Level 3.5 Fighting
 + Level 3.0 Axes
 + Level 3.2 Armour
 + Level 3.6 Shields
 + Level 1.3 Invocations


You had 4 spell levels left.
You didn't know any spells.
Your spell library was empty.

Dungeon Overview and Level Annotations

Branches:
Dungeon (4/15)             Temple (1/1) D:4

Altars:
Cheibriados
Dithmenos
Elyvilon
Fedhas
Kikubaaqudgha
Makhleb
Nemelex Xobeh
Qazlal
Ru
Sif Muna
Trog
Uskayaw
Wu Jian
Zin
Lugonu


Innate Abilities, Weirdness & Mutations

You have extremely sharp teeth.
Your natural rate of healing is unusually fast.
When hurt, damage is shared between your health and your magic reserves.
Your bite disrupts and absorbs the magic of your enemies.
Potions cannot restore your health.
You are immune to rotting.


Message History

An ogre comes into view. It is wielding a +0 giant spiked club.
The ogre shouts!
An ogre is nearby!
The ogre closely misses you.
You slash the ogre!
The ogre is heavily wounded.
The ogre barely misses you.
You hit the ogre but do no damage.
The ogre is heavily wounded.
The ogre hits you with a +0 giant spiked club!
You hit the ogre.
The ogre is severely wounded.
The ogre hits you with a +0 giant spiked club!
You are too injured to fight recklessly!
You are too injured to fight recklessly!
You barely miss the ogre.
The ogre is severely wounded.
The ogre hits you with a +0 giant spiked club!
Ouch! That really hurt!
You die...

#.##...รทรท# #.##.#...#
######## #........######......#
####.#............##.#
#.###.######...##.#
#.###.###########.#
#..........# #..# #...##.....#
#.## ###.##@)...# #.###
####.##O....# #...#
####...<##........ ###)#
#.......####.####. #...#
#.##....####.# ##.##.#.#
#.##.(.......###.......##
#######.##..#.#######..#####..#
......#.......###.....##._.##.#
.####.#..>....##.......##'##..#


You could see an ogre.

Vanquished Creatures
  Blork the orc (D:4)
  A bullfrog skeleton (D:4)
  A worker ant (D:4)
  Robin (D:4)
  2 adders
  An ooze (D:1)
  An adder skeleton (D:4)
  3 worms
  2 leopard geckos
  4 orcs (D:4)
  4 giant cockroaches
  7 goblins
  4 hobgoblins
  2 jackals (D:4)
  3 quokkas
  2 bats (D:1)
  A jackal skeleton (D:4)
  A kobold (D:2)
  2 quokka skeletons (D:4)
  2 rats
45 creatures vanquished.

Notes
Turn   | Place    | Note
-------+----------+-------------------------------------------
     0 | D:1      | Jannitor the Vine Stalker Fighter began the quest for the
                  | Orb.
     0 | D:1      | Reached XP level 1. HP: 11/11 MP: 2/2
    62 | D:1      | Reached XP level 2. HP: 7/16 MP: 1/3
   373 | D:2      | Reached XP level 3. HP: 12/19 MP: 2/4
   635 | D:4      | Found a staircase to the Ecumenical Temple.
   648 | Temple   | Entered the Ecumenical Temple
   683 | Temple   | Became a worshipper of Makhleb the Destroyer
   737 | D:4      | Gained mutation: Your natural rate of healing is unusually
                  | fast. [Vine Stalker growth]
   737 | D:4      | Reached XP level 4. HP: 21/24 MP: 3/5
   780 | D:4      | Found a sparkling altar of Nemelex Xobeh.
   837 | D:4      | Noticed Blork the orc
   843 | D:4      | Killed Blork the orc
   843 | D:4      | Reached XP level 5. HP: 18/28 MP: 4/6
   857 | D:4      | Reached skill level 1 in Invocations
   890 | D:4      | Found a snail-covered altar of Cheibriados.
   890 | D:4      | Found a hide-covered altar of Uskayaw.
  1019 | D:4      | Found a bloodstained altar of Trog.
  1043 | D:4      | Noticed Robin
  1054 | D:4      | Killed Robin
  1058 | D:4      | Reached * piety under Makhleb
  1154 | D:4      | Found a glowing silver altar of Zin.
  1216 | D:4      | Noticed an ogre
  1222 | D:4      | Slain by an ogre

Levels and vault maps discovered:
D:1:      lightli_arrival_windingriver, layout_loops_cross
D:2:      layout_loops_ring, lemuel_doored_altar, st_stairs_10
D:3:      layout_rooms, lemuel_round_altar, chequers_ecumenical_altar_island
D:4:      layout_loops_cross, amethyst_overflow_temple_binary,
          nemelex_xobeh_ov_fountains_minmay, zin_statuary, temple_fountains,
          trog_three_pillars_becter, uniq_robin, uniq_blork_the_orc
Temple:   corrupted_temple

Skill      XL: |  1  2  3  4  5 |
---------------+----------------+-----
Axes           | 2 3 |  3.0
Shields        | 3 |  3.6
Fighting       | 3 |  3.5
Armour         | 3 |  3.2
Invocations    | 1 |  1.3

Action                   |  1- 3 |  4- 6 || total
-------------------------+-------+-------++-------
Melee: War axe           |    67 |    52 ||   119
       Bite              |    19 |    12 ||    31
  Use: Potion            |       |     1 ||     1
  Eat: Chunk             |       |     1 ||     1
Armor: Scale mail        |    25 |    15 ||    40
Dodge: Dodged            |    13 |    14 ||    27
Block: Shield            |    33 |    33 ||    66

Table legend:
 A = Non-vault XP
 B = Vault XP
 C = Vault XP percentage of total XP
 D = Non-vault monster count
 E = Vault monster count
 F = Vault count percentage of total count
                 A         B        C        D         E       F
            +---------+---------+-------+---------+---------+-------
      Total |     179 |     122 |  40.5 |      36 |       9 |  20.0
            +---------+---------+-------+---------+---------+-------
        D:1 |      27 |       0 |   0.0 |      11 |       0 |   0.0
        D:2 |      22 |       0 |   0.0 |       5 |       0 |   0.0
        D:3 |       3 |       0 |   0.0 |       2 |       0 |   0.0
        D:4 |     127 |     122 |  49.0 |      18 |       9 |  33.3
            +---------+---------+-------+---------+---------+-------
